 Dungeon Crawl Stone Soup version 0.27.0-1-g7a089689b8 (webtiles) character file.

Game seed: 16965464733010866916

46 SnakkuSnakku7 the Skirmisher (level 3, -4/23 HPs)
             Began as a Gargoyle Necromancer on Aug 5, 2021.
             Slain by a scorpion (6 damage)
             ... on level 2 of the Dungeon.
             The game lasted 00:02:24 (1937 turns).

SnakkuSnakku7 the Skirmisher (Gargoyle Necromancer) Turns: 1937, Time: 00:02:24

Health: -4/23      AC:  6    Str: 12    XL:     3   Next: 68%
Magic:  6/6        EV: 11    Int: 15    God:
Gold:   51         SH:  0    Dex: 10    Spells: 5/6 levels left

rFire    . . .     SeeInvis .   c - +0 mace
rCold    . . .     Faith    .   (no shield)
rNeg     + . .     Spirit   .   e - +0 leather armour
rPois    ∞         Reflect  .   (no helmet)
rElec    +         Harm     .   (no cloak)
rCorr    .         Rampage  .   (no gloves)
Will     .....                  (no boots)
Stlth    ++........             (no amulet)
HPRegen  0.07/turn              (no ring)
MPRegen  0.10/turn              (no ring)

@: brilliant, flying, hasted, very quick
A: sickness immunity, AC +3, negative energy resistance 1, electricity
resistance, torment resistance 1, petrification resistance
a: no special abilities


You were on level 2 of the Dungeon.
You visited 1 branch of the dungeon, and saw 2 of its levels.

You collected 51 gold pieces.

Inventory:

Hand Weapons
 b - a +0 dagger
 c - a +0 mace (weapon)
Armour
 a - a +0 robe
 e - a +0 leather armour (worn)
Potions
 f - a potion of flight


   Skills:
 + Level 3.5 Fighting
 - Level 1.5 Dodging
 - Level 2.1 Stealth
 - Level 2.0 Spellcasting
 - Level 3.2 Necromancy


You had 5 spell levels left.
You knew the following spells:

 Your Spells              Type           Power      Damage    Failure   Level
a - Pain                  Necr           64%        1d7       8%          1

Your spell library contained the following spells:

 Spells                   Type           Power      Damage    Failure   Level
 Animate Skeleton         Necr           32%        N/A       8%          1
 Vampiric Draining        Necr           8%         2d7       22%         3
 Animate Dead             Necr           8%         N/A       58%         4
 Agony                    Necr           16%        N/A       90%         5


Dungeon Overview and Level Annotations

Branches:
Dungeon (2/15)

Altars:


Innate Abilities, Weirdness & Mutations

You are immune to sickness and miasma.
Your stone body is resilient. (AC +3)
You are immune to poison.
You resist negative energy. (rN+)
You are resistant to electric shocks. (rElec)
You are resistant to unholy torment.
You are immune to petrification.


Message History

The scorpion barely misses you.
You aren't carrying any items that you can evoke.
Unknown command.
You aren't carrying any scrolls.
Unknown command.
The scorpion stings you but does no damage.
There is a stone staircase leading up here.
It was a potion of flight.
You feel very buoyant.
You fly up into the air.
The scorpion stings you.
Unknown command.
It was a potion of curing.
You feel better. The scorpion closely misses you.
Unknown command.
It was a potion of brilliance.
You feel clever all of a sudden. The scorpion completely misses you.
Unknown command.
It was a potion of haste.
You feel yourself speed up. The scorpion misses you.
Unknown command.
You hit the scorpion.
The scorpion is moderately wounded.
The scorpion closely misses you.
The scorpion stings you but does no damage.
You closely miss the scorpion.
The scorpion is moderately wounded.
The scorpion stings you.
You hit the scorpion but do no damage.
The scorpion is moderately wounded.
The scorpion closely misses you.
You hit the scorpion.
The scorpion is moderately wounded.
The scorpion stings you but does no damage.
You hit the scorpion but do no damage.
The scorpion is moderately wounded.
The scorpion stings you!
* * * LOW HITPOINT WARNING * * *
You hit the scorpion.
The scorpion is severely wounded.
The scorpion barely misses you. The scorpion stings you.
You die...

### ..# #######
#.# ......# #.#
#####.####.#######
...............s@#
.####..#.#.#######
....>...#.#
##.######.# ...
#.# ... #.# #..
... #. #.# ..#


You could see a scorpion.

Vanquished Creatures
  4 dart slugs (D:1)
  2 ball pythons (D:1)
  5 bats (D:1)
  3 endoplasms (D:1)
  3 goblins (D:1)
  6 hobgoblins (D:1)
  4 jackals (D:1)
  A quokka (D:1)
  2 frilled lizards (D:1)
  2 kobolds (D:1)
  2 rats (D:1)
34 creatures vanquished.

Notes
Turn   | Place    | Note
-------+----------+-------------------------------------------
     0 | D:1      | SnakkuSnakku7 the Gargoyle Necromancer began the quest for
                  | the Orb.
     0 | D:1      | Reached XP level 1. HP: 10/10 MP: 3/3
   128 | D:1      | Reached skill level 1 in Fighting
   300 | D:1      | Reached XP level 2. HP: 17/17 MP: 5/5
  1024 | D:1      | Reached XP level 3. HP: 15/22 MP: 6/6
  1908 | D:2      | Noticed a scorpion
  1937 | D:2      | Slain by a scorpion

Illustrated notes

Levels and vault maps discovered:
D:1:      dpeg_arrival_arbitrary_a, layout_loops_ring, minmay_misc_feat_rows
D:2:      layout_basic, serial_co_window_serial, co_window_of_opportunity_a,
          co_window_paths_a, co_window_paths_a, co_window_paths_b,
          co_window_corner_a, co_window_corner_cb, co_window_unsneaky_path_c,
          co_window_2corner, glass_columns_b, glass_columns_a, glass_columns_a,
          glass_columns_c, serial_shops, shop

Skill      XL: |  1  2  3 |
---------------+----------+-----
Fighting       | 1 2 3 |  3.5
Dodging        | |  1.5
Stealth        | |  2.1
Spellcasting   | |  2.0
Necromancy     | |  3.2

Action                   || total
-------------------------++-------
Melee: Dagger            ||    24
       Mace              ||    92
 Cast: Pain              ||    11
  Use: Potion            ||     4
 Stab: Sleeping          ||     7
Armor: Robe              ||    25
       Leather armour    ||    16
Dodge: Dodged            ||    87
